AoeStats
← jphilkill

Arena

506798439Analyzed
4v4 RM · 18d ago on Sep 15, 2026· 45m 24s· 8 players
Game mode
Random Map
Map size
Large (8 player)
Population
200
Speed
Normal
Resources
Standard
Victory
Conquest
Starting age
Dark Age
Ending age
Imperial Age
RankedLock teamsTeams togetherTeam positionsShared explorationLock speedFull tech treeHidden civsTurbo modeCheats
Victory
Defeat
🇺🇸 Slavs · United States
1111
+12
🇲🇽 Romans · Mexico
1087
+13
🇨🇿 Bulgarians · Czechia
1034
+15
🇲🇽 Khmer · Mexico
996
+17
🇦🇺 Malians · Australia
1096
-16
🇦🇷 Hindustanis · Argentina
1059
-16
🇩🇪 Huns · Germany
980
-13
🇹🇼 Poles · Taiwan
950
-12
TomahawkAssassN
10:02 Feudal Age
13:38 Loom
16:34 Castle Age
18:43 Fletching
18:56 Double-Bit Axe
18:53 Horse Collar
19:34 Stone Mining
19:45 Bodkin Arrow
19:43 Town Watch
22:42 Bow Saw
30:28 Imperial Age
28:45 Wheelbarrow
28:41 Detinets
29:44 Scale Barding Armor
29:49 Forging
30:30 Hand Cart
30:51 Heavy Plow
31:32 Iron Casting
31:19 Chain Barding Armor
34:21 Crop Rotation
34:19 Elite Boyar
35:20 Conscription
36:48 Husbandry
36:59 Bloodlines
36:53 Husbandry
38:34 Plate Barding Armor
40:35 Blast Furnace
41:49 Fortified Wall
42:01 Ballistics
43:58 Murder Holes
44:17 Masonry
PGTKing50
0:31 Loom
11:35 Feudal Age
16:44 Castle Age
15:17 Double-Bit Axe
15:52 Horse Collar
17:47 Wheelbarrow
17:37 Bow Saw
18:01 Heavy Plow
23:30 Hand Cart
30:50 Imperial Age
29:14 Town Watch
30:06 Town Patrol
30:16 Ballistas
30:20 Gold Mining
31:26 Ballistics
30:59 Heavy Scorpion
33:36 Chemistry
32:47 Fortified Wall
33:16 Gold Shaft Mining
37:13 Siege Engineers
37:57 Crop Rotation
42:51 Scale Mail Armor
43:01 Forging
43:04 Masonry
45:23 Iron Casting
45:04 Chain Mail Armor
44:51 Padded Archer Armor
44:56 Scale Barding Armor
44:42 Fletching
44:54 Caravan
45:25 Coinage
45:06 Guilds
Archon
ThiranoMarck
2:33 Loom
11:35 Feudal Age
12:33 Horse Collar
20:08 Castle Age
28:47 Gold Mining
40:37 Imperial Age
40:53 Imperial Age
43:21 Wheelbarrow
42:59 Heavy Plow
43:37 Fletching
45:15 Chemistry
45:21 Bodkin Arrow
45:49 Ballistics
jphilkill
0:50 Loom
11:02 Feudal Age
16:21 Castle Age
19:00 Wheelbarrow
22:50 Gold Mining
23:02 Double-Bit Axe
28:56 Bow Saw
28:37 Pikeman
29:19 Squires
29:32 Forging
30:19 Horse Collar
30:31 Stone Mining
31:18 Gold Shaft Mining
32:14 Scale Barding Armor
32:12 Heavy Plow
33:15 Bloodlines
33:08 Husbandry
33:45 Iron Casting
33:11 Scale Mail Armor
33:02 Fletching
33:12 Padded Archer Armor
35:06 Hand Cart
36:37 Chain Barding Armor
36:57 Chain Mail Armor
39:46 Imperial Age
37:52 Leather Archer Armor
37:32 Bodkin Arrow
37:49 Elite Skirmisher
38:35 Thumb Ring
38:27 Bodkin Arrow
39:38 Ballistics
39:50 Cavalier
40:21 Cavalier
40:35 Capped Ram
41:38 Conscription
40:46 Halberdier
44:36 Blast Furnace
123
7:13 Loom
10:54 Feudal Age
16:11 Castle Age
14:49 Double-Bit Axe
15:47 Horse Collar
17:15 Bow Saw
20:35 Forging
26:36 Imperial Age
26:39 Fletching
26:37 Town Watch
27:28 Wheelbarrow
27:50 Scale Mail Armor
32:20 Capped Ram
37:11 Pikeman
John G
12:27 Feudal Age
13:11 Double-Bit Axe
16:29 Castle Age
15:43 Gold Mining
15:55 Stone Mining
16:11 Horse Collar
19:23 Bow Saw
20:51 Loom
22:14 Heavy Plow
23:34 Wheelbarrow
23:55 Scale Barding Armor
24:09 Forging
25:21 Chain Barding Armor
26:13 Hand Cart
26:39 Bloodlines
27:18 Gold Shaft Mining
27:58 Husbandry
34:02 Light Cavalry
39:28 Imperial Age
38:20 Iron Casting
39:41 Heavy Camel Rider
41:10 Plate Barding Armor
42:53 Blast Furnace
遊戲靠賽輕鬆自在
Connection lost

Rejoining the realm…

Still unreachable

The connection could not be restored.

Session expired

The server has moved on; the page needs a fresh start.